 Dungeon Crawl Stone Soup version 0.31-a0-1496-g79c7dd0eeb (webtiles) character file.

Game seed: 12542205329685947715

4554 inmateoo the Cleaver (level 10, -4/88 HPs)
             Began as a Minotaur Fighter on Dec 29, 2023.
             Was a Believer of the Shining One.
             Slain by a boulder beetle (32 damage)
             ... on level 7 of the Dungeon.
             The game lasted 00:05:13 (5907 turns).

inmateoo the Cleaver (Minotaur Fighter)             Turns: 5907, Time: 00:05:13

Health: -4/88      AC: 17    Str: 20    XL:     10   Next: 17%
Magic:  9/9        EV:  8    Int:  5    God:    the Shining One [**....]
Gold:   387        SH:  6    Dex: 15    Spells: 9/9 levels left

rFire   . . .        a - +1 war axe (protect)
rCold   . . .        c - +0 buckler
rNeg    + . .        r - +0 plate armour
rPois   +            (helmet restricted)
rElec   .            k - +0 cloak
rCorr   .            q - +1 pair of gloves
SInv    .            (no boots)
Will    .....        (no amulet) Stlth
                     f - +4 ring of slaying
HPRegen 0.34/turn    e - ring of poison resistance
MPRegen 0.11/turn

%: no passive effects
@: glowing
A: horns 2, retaliatory headbutt
a: Renounce Religion, Divine Shield


You were on level 7 of the Dungeon.
You worshipped the Shining One.
The Shining One was pleased with you.
You visited 2 branches of the dungeon, and saw 9 of its levels.
You also visited: Bailey.

You collected 387 gold pieces.

Inventory:

Hand Weapons
 a - a +1 war axe of protection (weapon)
Missiles
 p - 2 throwing nets
Armour
 c - a +0 buckler (worn)
 k - a +0 cloak (worn)
 q - a +1 pair of gloves (worn)
 r - a +0 plate armour (worn)
Jewellery
 e - a ring of poison resistance (right hand)
 f - a +4 ring of slaying (left hand)
Wands
 o - a wand of polymorph (10)
 v - a wand of charming (7)
Scrolls
 d - a scroll of enchant weapon
 g - 2 scrolls of identify
 h - 3 scrolls of teleportation
 l - a scroll of blinking
 n - a scroll of immolation
 s - a scroll of poison
Potions
 b - 3 potions of haste
 i - 3 potions of curing
 j - 2 potions of ambrosia
 m - 2 potions of degeneration {unknown}
 t - a potion of enlightenment {unknown}
 u - a potion of resistance {unknown}


   Skills:
 + Level 8.2 Fighting
 * Level 10.7 Axes
 + Level 8.3 Armour
 + Level 6.3 Dodging
 + Level 8.0 Shields


You had 9 spell levels left.
You didn't know any spells.
Your spell library contained the following spells:

 Spells                   Type           Power      Damage    Failure   Level
 Apportation              Tloc           0%         N/A       100%        1
 Necrotise                Necr           0%         1d4       100%        1
 Sting                    Conj/Alch      0%         1d3       100%        1
 Summon Small Mammal      Summ           0%         N/A       100%        1
 Inner Flame              Hex/Fire       0%         N/A       100%        3
 Vhi's Electric Charge    Tloc/Air       0%         N/A       100%        4
 Arcjolt                  Conj/Air       0%         1d10      100%        5
 Irradiate                Conj/Alch      0%         3d11      100%        5
 Plasma Beam              Fire/Air       0%         2x1d10    100%        6
 Ignition                 Fire           0%         3d3       100%        8


Dungeon Overview and Level Annotations

Branches:
Dungeon (8/15)             Temple (1/1) D:6          Bailey (visited)
   Lair: D:8-11

Altars:
Ashenzari
Cheibriados
Dithmenos
Elyvilon
Fedhas
Gozag
Hepliaklqana
Makhleb
Nemelex Xobeh
Okawaru
Qazlal
Ru
Sif Muna
Trog
Uskayaw
Vehumet
Wu Jian
Xom
Yredelemnul
Zin
The Shining One


Innate Abilities, Weirdness & Mutations

You have a pair of horns on your head.
You reflexively headbutt those who attack you in melee.


Message History

The boulder beetle is heavily wounded.
The liquid fire burns you!
The boulder beetle bites you but does no damage.
You hit the boulder beetle but do no damage.
The boulder beetle is heavily wounded.
The liquid fire burns you!
The boulder beetle bites you but does no damage.
You slash the boulder beetle!
The boulder beetle is severely wounded.
The liquid fire burns you! You block the boulder beetle's attack.
You hit the boulder beetle.
The boulder beetle is severely wounded.
The liquid fire burns you! The boulder beetle bites you!
You are too injured to fight recklessly!
You are too injured to fight recklessly!
You are too injured to fight recklessly!
You hit the boulder beetle but do no damage.
You headbutt the boulder beetle, but do no damage.
The boulder beetle is severely wounded.
The liquid fire burns you!
The boulder beetle bites you but does no damage.
You are too injured to fight recklessly!
You hit the boulder beetle.
You headbutt the boulder beetle, but do no damage.
The boulder beetle is severely wounded.
The liquid fire burns you! The boulder beetle barely misses you.
You hit the boulder beetle but do no damage.
You headbutt the boulder beetle, but do no damage.
The boulder beetle is severely wounded.
The liquid fire burns you!
* * * LOW HITPOINT WARNING * * *
The boulder beetle leaps!
You shake off the liquid fire.
The boulder beetle curls into a ball and begins rolling!
There is a stone staircase leading up here.
The boulder beetle hits you!!
You die...

#.....###
##.......#
#.........
##.........
#..°.......
#..○.......
#..B....... #
#.@........ ..###
####.........
#....##.........#..
#.......#..####.##
###..####### #..#
#...# ..# ##..##
#.### #...# ##...#
##..## ##.#......#


You could see a boulder beetle (rolling).

Vanquished Creatures
  Jeremiah (D:8)
  A yaktaur (shapeshifter) (Bailey)
  6 spriggans (Bailey)
  2 steam dragons
  A sky beast (D:7)
  A black bear (D:7)
  3 orc warriors
  2 ice beasts
  4 ogres
  2 centaurs
  2 kobold brigands
  3 bullfrogs
  A scorpion (D:5)
  5 wights (D:8)
  A bombardier beetle (D:7)
  6 orc priests
  A jelly (D:5)
  2 gnoll boudas
  5 hounds
  4 iguanas
  Terence (D:3)
  2 sleepcaps (D:6)
  Natasha (D:4)
  6 orc wizards
  7 gnolls
  7 adders
  3 white imps
  2 worms
  5 dart slugs
  20 orcs
  9 ball pythons
  5 bats
  10 endoplasms
  4 giant cockroaches
  5 goblins
  7 hobgoblins
  10 jackals
  4 quokkas
  2 frilled lizards (D:1)
  17 kobolds
  6 rats
186 creatures vanquished.

Notes
Turn   | Place    | Note
-------+----------+-------------------------------------------
     0 | D:1      | inmateoo the Minotaur Fighter began the quest for the Orb.
     0 | D:1      | Reached XP level 1. HP: 19/19 MP: 0/0
    50 | D:1      | Found a faded altar of an unknown god.
   231 | D:1      | Reached XP level 2. HP: 27/27 MP: 1/1
   531 | D:1      | Reached skill level 3 in Axes
   666 | D:2      | Reached XP level 3. HP: 33/33 MP: 2/2
   763 | D:2      | Reached skill level 1 in Dodging
  1278 | D:3      | Noticed Terence
  1286 | D:3      | Killed Terence
  1287 | D:3      | Reached XP level 4. HP: 32/40 MP: 3/3
  1372 | D:3      | Found a shimmering altar of Xom.
  1474 | D:3      | Reached skill level 4 in Axes
  1860 | D:4      | Reached XP level 5. HP: 46/46 MP: 4/4
  1898 | D:4      | Found a hazy altar of Hepliaklqana.
  2073 | D:4      | Found an opulent altar of Gozag.
  2112 | D:4      | Found a basalt altar of Yredelemnul.
  2123 | D:4      | Reached XP level 6. HP: 53/53 MP: 5/5
  2235 | D:4      | Reached skill level 5 in Axes
  2268 | D:4      | Reached skill level 5 in Armour
  2391 | D:4      | Reached skill level 5 in Fighting
  2391 | D:4      | Reached skill level 5 in Shields
  2563 | D:4      | Found a blossoming altar of Fedhas.
  2612 | D:4      | Noticed Natasha
  2617 | D:4      | Killed Natasha
  2618 | D:4      | Reached XP level 7. HP: 52/61 MP: 6/6
  2657 | D:5      | Entered Level 5 of the Dungeon
  2815 | D:5      | Reached skill level 6 in Axes
  3592 | D:6      | Found a staircase to the Ecumenical Temple.
  3602 | Temple   | Entered the Ecumenical Temple
  3608 | Temple   | Became a worshipper of the Shining One
  3862 | D:6      | Reached skill level 7 in Axes
  3862 | D:6      | Reached XP level 8. HP: 48/70 MP: 7/7
  4481 | D:7      | You fall into a shaft and drop 1 floor!
  4585 | D:8      | Reached * piety under the Shining One
  4597 | D:8      | Reached skill level 8 in Axes
  4746 | D:8      | Noticed Jeremiah
  4782 | D:8      | Killed Jeremiah
  4783 | D:8      | Reached skill level 5 in Dodging
  4783 | D:8      | Reached XP level 9. HP: 68/78 MP: 8/8
  4939 | D:7      | Reached skill level 9 in Axes
  4966 | D:7      | Found a flagged portal.
  5014 | Bailey   | Entered a bailey
  5184 | Bailey   | Identified the +3 shortbow of Sharkskin {flame, rPois}
  5211 | Bailey   | Reached skill level 10 in Axes
  5271 | Bailey   | Noticed a two-headed ogre
  5275 | Bailey   | a two-headed ogre changed into a glowing shapeshifter
  5275 | Bailey   | Noticed a glowing shapeshifter
  5276 | Bailey   | a glowing shapeshifter changed into a yaktaur
  5276 | Bailey   | Noticed a yaktaur (glowing shapeshifter)
  5280 | Bailey   | Killed a yaktaur
  5281 | Bailey   | Reached XP level 10. HP: 18/88 MP: 9/9
  5839 | D:7      | Reached ** piety under the Shining One
  5885 | D:7      | Noticed a boulder beetle
  5907 | D:7      | Slain by a boulder beetle

Illustrated notes

Levels and vault maps discovered:
D:1:      scummos_arrival_hexagon, layout_basic,
          chequers_ecumenical_altar_island
D:2:      layout_basic, serial_bayou, serial_bayou_crossing,
          serial_bayou_pond_a, serial_bayou_lagoon_a, serial_bayou_pond_e,
          serial_bayou_pond_d, kennysheep_generic_room_9
D:3:      layout_loops_ring, lemuel_crystal_altar, uniq_terence
D:4:      layout_basic, lemuel_doored_altar, mainiacjoe_overflow_swirl,
          nicolae_hepliaklqana_hazy_memory, minmay_fractal_squares_diagonal_5,
          uniq_natasha
D:5:      layout_layer_cave
D:6:      layout_basic, minmay_temple_entry_wispy, kennysheep_generic_room_15
D:7:      layout_cave_pods, enter_bailey_2
D:8:      lemuel_bear_cage, layout_basic, nicolae_kikubaaqudgha_miasma_corner,
          lair_entry_dummy, minmay_manual_mail, uniq_jeremiah
Temple:   nicolae_temple_x_marks_the_god

Skill      XL: |  1  2  3  4  5  6  7  8  9 10 |
---------------+-------------------------------+-----
Axes           | 3 4 5 7 8 10 | 10.7
Armour         | 4 5 7 8 |  8.3
Dodging        | 1 2 3 5 6 |  6.3
Fighting       | 4 5 6 8 |  8.2
Shields        | 4 5 6 7 8 |  8.0

Action                     |  1- 3 |  4- 6 |  7- 9 | 10-12 || total
---------------------------+-------+-------+-------+-------++-------
  Melee: War axe           |    92 |    96 |   171 |    45 ||   404
         Headbutt          |    11 |     8 |    38 |    12 ||    69
  Evoke: Wand              |       |       |     1 |       ||     1
    Use: Scroll            |     5 |     3 |     8 |       ||    16
         Potion            |       |       |     4 |       ||     4
 Armour: Scale mail        |    64 |    49 |    54 |       ||   167
         Plate armour      |       |       |    86 |    36 ||   122
  Dodge: Dodged            |    43 |    38 |    65 |    15 ||   161
  Block: Buckler           |    14 |    25 |    59 |     4 ||   102

Table legend: (Time is in decaauts)
 A = Elapsed time spent in this place.
 B = Non-inter-level travel time spent in this place.
 C = Inter-level travel time spent in this place.
 D = Time resting spent in this place.
 E = Time spent auto-exploring this place.
 F = Levels seen in this place.
 G = Mean time per level.
                   A        B        C        D        E       F      G
               +--------+--------+--------+--------+--------+-----+--------+
         Total |   5996 |   5884 |    112 |    670 |   3992 |  10 |  599.6 |
       Dungeon |   5331 |   5225 |    106 |    225 |   3939 |   8 |  666.4 |
        Temple |     12 |      6 |      6 |      0 |      0 |   1 |   12.0 |
        Bailey |    652 |    652 |      0 |    445 |     52 |   1 |  652.0 |
               +--------+--------+--------+--------+--------+-----+--------+

Top non-repeatable levels by time:
     D:6: 949 daAuts
     D:5: 865 daAuts
     D:4: 823 daAuts
     D:3: 700 daAuts
     D:1: 673 daAuts
  Bailey: 652 daAuts
     D:2: 536 daAuts
     D:7: 400 daAuts
     D:8: 382 daAuts
  Temple: 12 daAuts
